 Dungeon Crawl Stone Soup version 0.29.1-15-g9cfb28693d (webtiles) character file.

Game seed: 17185927149854502706

224 growler the Ruffian (level 5, -4/40 HPs)
             Began as a Draconian Transmuter on Feb 26, 2023.
             Was an Initiate of Wu Jian.
             Slain by Duvessa
             ... wielding a +0 short sword
              (11 damage)
             ... on level 4 of the Dungeon.
             The game lasted 00:08:59 (4001 turns).

growler the Ruffian (Draconian Transmuter)          Turns: 4001, Time: 00:08:59

Health: -4/40      AC:  2    Str: 13    XL:     5   Next: 67%
Magic:  9/9        EV: 19    Int: 15    God:    Wu Jian [......]
Gold:   244        SH:  0    Dex: 16    Spells: 4/10 levels left

rFire   . . .      SeeInvis +     - Unarmed
rCold   . . .      Faith    .   (shield currently unavailable)
rNeg    . . .      Spirit   .   (body armour unavailable)
rPois   x          Reflect  .   (helmet currently unavailable)
rElec   .          Harm     .   (cloak currently unavailable)
rCorr   .          Rampage  .   (gloves currently unavailable)
Will    .....                   (boots currently unavailable)
Stlth   +.........              (no amulet)
HPRegen 0.13/turn               c - ring of flight
MPRegen 0.11/turn               l - ring of see invisible

@: confused, spider-form (expiring), ambrosia-drunk, flying
A: venomous fangs, AC +5, tiny, unfitting armour, (cold-blooded)
a: End Transformation, Renounce Religion


You were on level 4 of the Dungeon.
You worshipped Wu Jian.
Wu Jian was noncommittal.
You were a venomous arachnid creature.
You visited 1 branch of the dungeon, and saw 4 of its levels.

You collected 244 gold pieces.

Inventory:

Armour
 e - a +0 pair of boots (melded)
 u - a +2 cloak (melded)
Jewellery
 c - a ring of flight (left front leg)
 l - a ring of see invisible (right front leg)
 r - a +4 ring of evasion
Wands
 s - a wand of iceblast (6)
Scrolls
 d - 2 scrolls of magic mapping
 h - a scroll of amnesia
 j - a scroll of noise
 k - a scroll of teleportation {unknown}
 n - a scroll of summoning {unknown}
 p - a scroll of enchant weapon {unknown}
Potions
 a - a potion of lignification
 b - a potion of mutation
 g - 2 potions of curing {unknown}
 i - a potion of resistance
 m - a potion of might {unknown}
 o - 2 potions of heal wounds {unknown}
 q - a potion of cancellation


   Skills:
 - Level 1.1 Fighting
 - Level 1.7 Dodging
 + Level 4.8 Unarmed Combat
 - Level 3.0 Spellcasting
 - Level 4.0 Transmutations


You had 4 spell levels left.
You knew the following spells:

 Your Spells              Type           Power      Damage    Failure   Level
a - Beastly Appendage     Tmut           28%        N/A       12%         1
b - Wereblood             Tmut           14%        N/A       17%         2
c - Spider Form           Tmut/Pois      8%         N/A       47%         3

Your spell library contained the following spells:

 Spells                   Type           Power      Damage    Failure   Level
 Slow                     Hex            8%         N/A       41%         1
 Confusing Touch          Hex            2%         N/A       73%         3
 Vampiric Draining        Necr           2%         2d6       73%         3
 Ice Form                 Ice/Tmut       8%         N/A       83%         4


Dungeon Overview and Level Annotations

Branches:
Dungeon (4/15)
 Temple: D:4-7

Altars:
Trog
Wu Jian
Xom

Shops:
D:3 =?[[

Annotations:
D:4 Dowan, Duvessa


Innate Abilities, Weirdness & Mutations

You are a venomous arachnid creature.
You have poisonous fangs.
You are tiny and dextrous.
Your spellcasting is less reliable in this form.
Your armour is entirely melded.
You are incapable of wielding weapons or throwing items.
((Your plain brown scales are hard. (AC +5)))
You cannot fit into any form of body armour.
((You are cold-blooded and may be slowed by cold attacks.))


Message History

You hit Duvessa but do no damage.
Duvessa looks as sick as possible!
Duvessa is lightly wounded.
Duvessa closely misses you.
Dowan gestures wildly while chanting.
Dowan blinks!
You hit Duvessa.
Duvessa looks as sick as possible!
Duvessa is moderately wounded.
Duvessa closely misses you.
You hit Duvessa but do no damage.
Duvessa is moderately wounded.
Duvessa barely misses you.
You lunge at Dowan.
You hit Dowan.
Dowan is poisoned.
Dowan is moderately wounded.
Dowan misses you.
You see here a +0 chain mail.
Dowan completely misses you. Duvessa misses you.
You hit Duvessa but do no damage.
Duvessa is heavily wounded.
You hit Duvessa but do no damage.
Duvessa is severely wounded.
Dowan gestures at Duvessa while chanting.
Duvessa seems to speed up.
Duvessa misses you.
You barely miss Duvessa.
Duvessa is severely wounded.
Duvessa misses you.
Dowan says, "My weaknesses are her strengths!"
Dowan gestures wildly while chanting.
Dowan blinks!
Duvessa hits you with a +0 short sword!
You hit Duvessa but do no damage.
Duvessa is severely wounded.
Duvessa misses you.
Your transformation is almost over.
Duvessa hits you with a +0 short sword.
Dowan points at you and mumbles some strange words.
The puff of frost hits you. Duvessa hits you with a +0 short sword!
* * * LOW HITPOINT WARNING * * *
Unknown command.
You are confused.
You feel invigorated. Duvessa hits you with a +0 short sword!
You die...

###### #.####.##*,*,,,,**,,
****###**#.# #...#*,*,,,,*,,*
*,,,,...##.###...#*,*,,,,*8,*
*,****#.#...##...#*,*,,,,*,,*
*,* #.........#**,*,,,,*,,*
*****,*
###...###.#**.*,,,,*8,*
*,,,,,* #####.##
*.....*,,,,*^,* *,*****
#.(...####.....*,,,,**,, *,*
#.###.es.e.....#*,,,,**, *,*
***###.###.####[..#.#**,,,,**
#.#
*,,.......ยง.........#,***,,,*
#.#
*,*###.########...###,,<***,,
#.# *,* *,* *,,,# *,,,*,,**
#.# *,* *,** *,,,***,,,*,***
#.# *,* *,,* *,,,,,,,,,,,,,,
#.# *,#
************************, #.#
*.# *,,,*,,+,**,,*,,*,,*,,+,,


You could see Duvessa (fast, very poisoned) and Dowan (poisoned).

Vanquished Creatures
  A gnoll bouda (D:4)
  Crazy Yiuf (D:3)
  Robin (D:3)
  3 gnolls (D:4)
  4 adders
  An ufetubus (D:4)
  2 worms
  2 dart slugs (D:3)
  5 orcs (D:4)
  5 ball pythons
  2 endoplasms (D:1)
  5 giant cockroaches
  15 goblins
  6 hobgoblins
  A quokka (D:3)
  A bat (D:2)
  7 frilled lizards
  7 kobolds
  6 rats
75 creatures vanquished.

Notes
Turn   | Place    | Note
-------+----------+-------------------------------------------
     0 | D:1      | growler the Draconian Transmuter began the quest for the
                  | Orb.
     0 | D:1      | Reached XP level 1. HP: 16/16 MP: 3/3
   164 | D:1      | Reached XP level 2. HP: 23/23 MP: 3/5
   268 | D:1      | Learned a level 2 spell: Wereblood
   878 | D:1      | Found a faded altar of an unknown god.
  1455 | D:2      | Reached XP level 3. HP: 7/28 MP: 4/6
  1732 | D:2      | Learned a level 3 spell: Spider Form
  1843 | D:2      | Found a shimmering altar of Xom.
  2100 | D:3      | Noticed Robin
  2199 | D:3      | Found a runed translucent door.
  2200 | D:3      | Noticed Crazy Yiuf
  2354 | D:3      | Found Roson's Magic Scroll Emporium.
  2372 | D:3      | Found Yvamp's Jewellery Emporium.
  2448 | D:3      | Killed Robin
  2469 | D:3      | Reached XP level 4. HP: 11/35 MP: 5/8
  2885 | D:3      | Found Qautrikhla's Antique Armour Boutique.
  3216 | D:3      | Found Tosuad's Armour Shop.
  3325 | D:3      | Found an ornate altar of the Wu Jian Council.
  3325 | D:3      | Found a bloodstained altar of Trog.
  3416 | D:3      | Became a worshipper of the Wu Jian Council
  3464 | D:3      | Killed Crazy Yiuf
  3465 | D:3      | Reached XP level 5. HP: 40/40 MP: 5/9
  3975 | D:4      | Noticed Duvessa
  3984 | D:4      | Noticed Dowan
  4001 | D:4      | Slain by Duvessa

Illustrated notes

Levels and vault maps discovered:
D:1:      dpeg_arrival_court, layout_basic,
          dreamdust_ecumenical_altar_angels_and_demons
D:2:      layout_rooms, basic_altar, minmay_misc_feat_nine_boxes,
          nrook_loot_triangle, due_unseen_surprise
D:3:      layout_loops_ring, gammafunk_temple_overflow_statue, serial_shops,
          nicolae_shop_temple_entry_statues_fountains, shop, nicolae_shop_trees,
          shop, serial_park_tiny_pond, grunt_ministairs_10,
          uniq_crazy_yiuf_cottage, uniq_robin
D:4:      minmay_razor_zed, layout_loops_ring, nzn_random_ring, uniq_pikel,
          uniq_duvessa

Skill      XL: |  1  2  3  4  5 |
---------------+----------------+-----
Transmutations | 3 4 |  4.0
Spellcasting   | 3 |  3.0
Unarmed Combat | 4 |  4.8
Fighting       | |  1.1
Dodging        | |  1.7

Action                   |  1- 3 |  4- 6 || total
-------------------------+-------+-------++-------
Melee: Unarmed           |   133 |    82 ||   215
       Kick              |     6 |    11 ||    17
       Headbutt          |     4 |     8 ||    12
       Tailslap          |    10 |    11 ||    21
       Punch             |     3 |     2 ||     5
 Cast: Beastly Appendage |     9 |     9 ||    18
       Spider Form       |     1 |     3 ||     4
Invok: Lunge             |       |     3 ||     3
Evoke: Wand              |       |     1 ||     1
  Use: Potion            |     1 |     1 ||     2
       Scroll            |       |     7 ||     7
 Stab: Sleeping          |     1 |     1 ||     2
Armor: Skin              |    44 |    15 ||    59
Dodge: Dodged            |   107 |    56 ||   163
